 Dungeon Sprint DCSS version 0.21-a0-221-gfe971b9 (webtiles) character file.

10670 potatolord6000 the Covert (level 11, -49/97 HPs)
             Began as a Human Monk on Aug 24, 2017.
             Was the Champion of the Shining One.
             Killed from afar by a hellephant (65 damage)
             ... with a blast of flame
             ... in the Dungeon (Sprint V: "Ziggurat Sprint").
             The game lasted 00:12:41 (1206 turns).

potatolord6000 the Covert (Human Monk)              Turns: 1206, Time: 00:12:42

Health: -49/97     AC:  6    Str: 11    XL:     11   Next: 97%
Magic:  4/21       EV: 28    Int: 15    God:    the Shining One [******]
Gold:   0          SH: 11    Dex: 32    Spells: 19/19 levels left

rFire    . . .     SeeInvis .   y - +7 eudemon blade (holy)
rCold    + . .     Gourm    .   (no shield)
rNeg     + + +     Faith    .   e - +2 robe {rN+}
rPois    +         Spirit   .   (no helmet)
rElec    +         Reflect  .   (no cloak)
rCorr    .         Harm     .   (no gloves)
MR       .....     NoTele   +   k - +1 pair of boots of Life {rElec rPois rN++ Stlth+}
Stlth    +++.......             (no amulet)
HPRegen  0.26/turn              w - +6 ring of dexterity
MPRegen  0.17/turn              z - ring of Gicileliu {rPois rC+ Int+4 Dex+7}

@: divine shield, berserk cooldown, very slightly contaminated, hasted and
slowed, glowing
A: no striking features
a: Divine Shield, Cleansing Flame, Summon Divine Warrior, Renounce Religion


You were in the Dungeon.
You worshipped the Shining One.
The Shining One was exalted by your worship.
You were not hungry.

You visited 1 branch

Inventory:

Hand Weapons
 y - a +7 eudemon blade of holy wrath (weapon)
Armour
 e - a +2 robe of positive energy (worn)
 k - the +1 pair of boots of Life (worn) {rElec rPois rN++ Stlth+}
   (You acquired it in the Dungeon)

   It insulates you from electricity.
   It protects you from poison.
   It greatly protects you from negative energy.
   It makes you more stealthy.
Jewellery
 w - a +6 ring of dexterity (left hand)
 z - the ring of Gicileliu (right hand) {rPois rC+ Int+4 Dex+7}
   (You found it in the Dungeon)

   [ring of protection from cold]

   It affects your intelligence (+4).
   It affects your dexterity (+7).
   It protects you from cold.
   It protects you from poison.
Scrolls
 i - 4 scrolls of blinking
 n - 4 scrolls of amnesia
 o - 3 scrolls of recharging
 p - 7 scrolls of fog
 q - 2 scrolls of holy word
 r - 4 scrolls of identify
 s - 5 scrolls of remove curse
 t - 2 scrolls of fear
Potions
 a - 2 potions of brilliance
 d - 9 potions of curing
 f - 4 potions of haste
 g - 5 potions of magic
 h - 3 potions of berserk rage
 j - 4 potions of resistance
 l - 5 potions of agility
 m - 3 potions of might
Comestibles
 c - 5 bread rations
 u - 42 fruits
 v - 3 meat rations


   Skills:
 + Level 12.8 Fighting
 + Level 12.8 Long Blades
 + Level 12.9 Dodging
 + Level 13.6 Stealth
 * Level 4.7 Spellcasting
 + Level 13.4 Invocations


You had 19 spell levels left.
You didn't know any spells.

Dungeon Overview and Level Annotations

Branches:
Dungeon (1/1)

Altars:
Ashenzari
Cheibriados
Dithmenos
Elyvilon
Fedhas
Gozag
Hepliaklqana
Kikubaaqudgha
Makhleb
Nemelex Xobeh
Okawaru
Qazlal
Ru
Sif Muna
Trog
Uskayaw
Vehumet
Wu Jian
Xom
Yredelemnul
Zin
The Shining One
Beogh
Jiyva
Lugonu

Annotations:
D 1 transporter


Message History

You destroy the wretched star!
Okay, then.
You hit the starcursed mass but do no damage.
The starcursed mass is lightly damaged.
Your angel hits the starcursed mass with a whip of holy wrath!!
The starcursed mass is destroyed!
The starcursed mass shrieks in your mind.
* * * LOW HITPOINT WARNING * * *
You hit the starcursed mass.
The starcursed mass is heavily damaged.
Your angel hits the starcursed mass with a whip of holy wrath!!
The starcursed mass is destroyed!
You slash the hellephant!
The hellephant convulses.
The hellephant is heavily wounded.
You slash the hellephant!
The hellephant convulses!
The hellephant is heavily wounded.
The hellephant breathes flames at you. The blast of flame hits you!
Ouch! That really hurt!
You die...

▓...(©....▓...©...▓
▓▓▓▓▓▓▓▓▓▓▓▓▓▓▓▓▓▓▓▓▓
▓...8©8...▓...8©8...▓
▓..|}[}...▓..).))=..▓
▓..|[)|)..▓...)[....▓
▓.........▓....?....▓
▓.........▓.........▓
▓..=AY....▓...†.....▓
▓....@....▓....†....▓
▓.........▓.▓.....▓.▓
▓.▓.....▓.▓....©....▓
▓....©....▓▓▓▓▓▓▓▓▓▓▓
▓▓▓▓▓▓▓▓▓▓▓


You could see a hellephant and a friendly angel.

Vanquished Creatures
  3 two-headed ogres (D)
  A dancing weapon (D)
  A thrashing horror (D)
  A wretched star (D)
  A deep elf knight (D)
  A large abomination (D)
  A deep elf mage (D)
  A cyclops (D)
  An apocalypse crab (D)
  A naga mage (D)
  An orange demon (D)
  3 merfolk (D)
  A hornet (D)
  6 spriggans (D)
  A flying skull (D)
  A wraith (D)
  2 hell hounds (D)
  2 phantoms (D)
  2 ogres (D)
  A necrophage (D)
  An earth elemental (D)
  4 crimson imps (D)
  8 starcursed masses (D)
  3 iron imps (D)
  A mummy (D)
  2 shadow imps (D)
  4 white imps (D)
  2 ufetubi (D)
  2 bat skeletons (D)
  A bat zombie (D)
  A jackal zombie (D)
  A leopard gecko skeleton (D)
  A leopard gecko zombie (D)
63 creatures vanquished.

Vanquished Creatures (collateral kills)
  A two-headed ogre (D)
  A cyclops (D)
  A naga mage (D)
  A black mamba (D)
  A naga (D)
  A water moccasin (D)
  2 starcursed masses (D)
  An adder (D)
9 creatures vanquished.

Vanquished Creatures (others)
  An adder (D)
1 creature vanquished.

Grand Total: 73 creatures vanquished

Notes
Turn   | Place    | Note
-------+----------+-------------------------------------------
     0 | D        | Found the +6 Majin-Bo {vamp, Archmagi MP+6 Int+6}
     0 | D        | Found the +7 great mace "Firestarter" {inner flame, rF++}
     0 | D        | potatolord6000 the Human Monk began the quest for the Orb.
     0 | D        | Reached XP level 1. HP: 18/18 MP: 1/1
     8 | D        | Became a worshipper of the Shining One
     8 | D        | Reached * piety under the Shining One
     8 | D        | Reached ** piety under the Shining One
    17 | D        | Found a blossoming altar of Fedhas.
    19 | D        | Found a deep blue altar of Sif Muna.
    19 | D        | Found a sacrificial altar of Ru.
    19 | D        | Found a bloodstained altar of Trog.
    19 | D        | Found a stormy altar of Qazlal.
    19 | D        | Found an iron altar of Okawaru.
    19 | D        | Found a sparkling altar of Nemelex Xobeh.
    21 | D        | Found a transporter.
    21 | D        | Found an ancient bone altar of Kikubaaqudgha.
    21 | D        | Found a viscous altar of Jiyva.
    21 | D        | Found a corrupted altar of Lugonu.
    21 | D        | Found a hazy altar of Hepliaklqana.
    21 | D        | Found a burning altar of Makhleb.
    21 | D        | Found an opulent altar of Gozag.
    63 | D        | Reached XP level 2. HP: 26/26 MP: 1/4
    67 | D        | Entered arena 2.
    67 | D        | Noticed a flying skull
    67 | D        | Found a transporter.
    72 | D        | Killed a flying skull
    72 | D        | Reached *** piety under the Shining One
    72 | D        | Reached skill level 5 in Fighting
    72 | D        | Reached skill level 5 in Stealth
    72 | D        | Reached skill level 5 in Invocations
    72 | D        | Reached XP level 3. HP: 34/34 MP: 5/7
    72 | D        | Reached XP level 4. HP: 40/40 MP: 5/8
    72 | D        | Reached XP level 5. HP: 46/46 MP: 5/9
    80 | D        | Entered arena 3.
    80 | D        | Noticed a merfolk
    80 | D        | Noticed a merfolk
    80 | D        | Noticed a merfolk
    80 | D        | Found a transporter.
    84 | D        | The Shining One protects you from harm!
    90 | D        | Killed a merfolk
    90 | D        | Reached XP level 6. HP: 48/55 MP: 7/11
    90 | D        | Reached XP level 7. HP: 52/60 MP: 7/12
    97 | D        | Killed a merfolk
   100 | D        | Killed a merfolk
   100 | D        | Reached XP level 8. HP: 30/68 MP: 8/14
   289 | D        | Entered arena 4.
   289 | D        | Reached **** piety under the Shining One
   289 | D        | Reached ***** piety under the Shining One
   289 | D        | Found a transporter.
   314 | D        | Entered arena 5.
   314 | D        | Noticed a long sword of slicing
   314 | D        | Noticed a deep elf mage
   314 | D        | Noticed a deep elf knight
   314 | D        | Found a transporter.
   318 | D        | Killed a long sword of slicing
   318 | D        | Reached XP level 9. HP: 77/77 MP: 14/16
   321 | D        | Reached skill level 10 in Stealth
   329 | D        | Killed a deep elf mage
   329 | D        | Reached skill level 10 in Invocations
   332 | D        | Killed a deep elf knight
   332 | D        | Reached skill level 10 in Fighting
   332 | D        | Reached skill level 10 in Long Blades
   332 | D        | Reached skill level 10 in Dodging
   340 | D        | Entered arena 6.
   340 | D        | Reached ****** piety under the Shining One
   340 | D        | Found a transporter.
   347 | D        | Reached XP level 10. HP: 82/86 MP: 15/18
   350 | D        | Identified a +7 eudemon blade of holy wrath (a +5 demon blade blessed by the Shining One)
   350 | D        | Received a gift from the Shining One
   355 | D        | Got a pair of polished boots
   356 | D        | Identified the +1 pair of boots of Life {rElec rPois rN++ Stlth+} (You acquired it in the Dungeon)
   364 | D        | Got the ring of Gicileliu {rPois rC+ Int+4 Dex+7}
   373 | D        | Entered arena 7.
   374 | D        | Found a transporter.
   402 | D        | Entered arena 8.
   402 | D        | Noticed a spriggan rider
   403 | D        | Found a transporter.
   415 | D        | HP: 1/86 [spriggan rider/spear (21)]
   778 | D        | Entered arena 9.
   778 | D        | Noticed a naga mage
   778 | D        | Noticed a black mamba
   778 | D        | Noticed a naga mage
   781 | D        | Found a transporter.
   787 | D        | Killed a black mamba
   789 | D        | Killed a naga mage
   794 | D        | Killed a naga mage
   976 | D        | Entered arena 10.
   976 | D        | Noticed a two-headed ogre
   976 | D        | Noticed a two-headed ogre
   976 | D        | Noticed a two-headed ogre
   976 | D        | Noticed a two-headed ogre
   976 | D        | Noticed a cyclops
   976 | D        | Noticed a cyclops
   979 | D        | Found a transporter.
   982 | D        | Killed a two-headed ogre
   984 | D        | Killed a two-headed ogre
   984 | D        | Reached XP level 11. HP: 76/95 MP: 3/20
   986 | D        | Killed a two-headed ogre
   986 | D        | Killed a two-headed ogre
   987 | D        | Killed a cyclops
   988 | D        | Killed a cyclops
   995 | D        | Got the ring of Prescription {rC++ AC+4}
  1133 | D        | Entered arena 11.
  1134 | D        | Found a transporter.
  1174 | D        | Entered arena 12.
  1174 | D        | Noticed a hellephant
  1174 | D        | Noticed a large abomination
  1174 | D        | Noticed a wretched star
  1175 | D        | Noticed a starcursed mass
  1175 | D        | Noticed a thrashing horror
  1176 | D        | Found a transporter.
  1181 | D        | Killed a large abomination
  1181 | D        | Reached skill level 1 in Spellcasting
  1188 | D        | Killed a thrashing horror
  1201 | D        | Killed a wretched star
  1206 | D        | Killed from afar by a hellephant

Vault maps used:
D:        sprint_v

Skill      XL: |  1  2  3  4  5  6  7  8  9 10 11 |
---------------+----------------------------------+-----
Fighting       | 4 5 7 8 9 10 11 12 | 12.8
Long Blades    | 4 6 7 8 9 10 11 12 | 12.8
Dodging        | 4 6 7 8 9 10 11 12 | 12.9
Stealth        | 4 5 7 8 9 10 12 13 | 13.6
Invocations    | 3 5 6 8 9 10 12 13 | 13.4
Spellcasting   | 4 |  4.7

Action                   |  1- 3 |  4- 6 |  7- 9 | 10-12 || total
-------------------------+-------+-------+-------+-------++-------
Melee: Great sword       |     2 |     6 |    38 |     2 ||    48
       Eudemon blade     |       |       |       |    58 ||    58
Invok: Divine Shield     |       |       |     1 |     4 ||     5
       Cleansing Flame   |       |       |       |     8 ||     8
       Summon Divine War |       |       |       |     3 ||     3
       Brand Weapon With |       |       |       |     1 ||     1
  Use: Potion            |     4 |     3 |     6 |     5 ||    18
       Scroll            |       |       |       |     3 ||     3
  Eat: Meat ration       |       |       |       |     1 ||     1
Armor: Robe              |       |       |       |     3 ||     3
       Skin              |       |       |       |    27 ||    27
Dodge: Dodged            |     4 |     7 |    33 |    68 ||   112
Block: Other             |       |       |     5 |    29 ||    34
       Rpst.: Great sword |       |       |     8 |       ||     8
       Eudemon blade     |       |       |       |    18 ||    18

Table legend:
 A = Spawn XP
 B = Non-spawn XP
 C = Spawn XP percentage of total XP
 D = Spawn monster count
 E = Non-spawn monster count
 F = Spawn count percentage of total count
 G = Total turns spent on level
                    A         B        C        D         E        F      G
               +---------+---------+-------+---------+---------+-------+---------
         Total |       0 |   15234 |   0.0 |       0 |      72 |   0.0 |  1206
               +---------+---------+-------+---------+---------+-------+---------
             D |       0 |   15234 |   0.0 |       0 |      72 |   0.0 |  1206
               +---------+---------+-------+---------+---------+-------+---------
